Map: Emerald City LE

Players

OpuS

  • Race: Protoss Protoss
  • League: Platinum
  • Spawn Location: 11:00

Sketchaphone

  • Race: Zerg Zerg
  • League: Platinum
  • Spawn Location: 11:00

Vimes - Winner!

  • Race: Terran Terran
  • Spawn Location: 5:00

Loki - Winner!

  • Race: Zerg Zerg
  • Spawn Location: 5:00

VOD

Have the link to the VOD?

Description

Time

  • Played on: Feb. 4, 2019, 8:10 p.m.
  • Length: 5:03
Show
View Real Time Build Order
Export as new Build Order

OpuS Protoss 

Build Orders:  

Get SALT Encoding   

  12  0:01  Probe  
  13  0:13  Probe  
  14  0:26  Pylon  
  14  0:28  Probe  
  15  0:44  Probe  
  15  0:49  Gateway  
  16  0:52  Probe  
  17  0:59  Assimilator  
  17  1:02  Probe  
  18  1:10  Probe  
  18  1:14  Gateway  
  19  1:18  Probe  
  20  1:28  Probe  
  21  1:40  Probe  
  21  1:46  Cybernetics Core  
  22  1:48  Forge  
  22  1:50  Pylon  
  22  1:52  Probe  
  23  2:04  Pylon, Probe  
  23  2:13  Probe  
  24  2:21  Adept  
  24  2:22  Adept  
  29  2:23  Warp Gate  
  29  2:27  Assimilator  
  28  2:34  Pylon  
  28  2:48  Gateway  
  28  2:57  Stalker  
  28  2:58  Stalker  
  32  3:04  Shield Battery  
  32  3:36  Stalker x3  
  32  3:39  Pylon  
  38  3:41  Pylon  
  32  4:02  Shield Battery  
  32  4:05  Photon Cannon  
  32  4:06  Photon Cannon  
  26  4:10  Shield Battery  
  26  4:11  Pylon  
  26  4:15  Zealot  
  26  4:16  Zealot  
Show
View Real Time Build Order
Export as new Build Order

Sketchaphone Zerg 

Build Orders: Hatch First 

Get SALT Encoding   

  12  0:01  Drone  
  13  0:08  Drone  
  14  0:17  Overlord  
  14  0:21  Extractor  
  13  0:24  Drone  
  15  0:37  Drone x2  
  17  0:56  Hatchery  
  16  0:58  Drone  
  17  1:04  Drone  
  17  1:05  Extractor  
  17  1:23  Spawning Pool  
  17  1:24  Drone  
  17  1:33  Drone  
  18  1:45  Drone  
  18  1:46  Drone  
  20  1:53  Overlord  
  20  2:05  Drone  
  20  2:08  Overlord  
  21  2:10  Queen  
  23  2:20  Zergling x4  
  25  2:34  Metabolic Boost  
  25  2:47  Evolution Chamber  
  24  2:55  Zergling x6  
  24  2:56  Zergling x2  
  24  2:58  Queen  
  28  3:00  Spine Crawler  
  28  3:10  Spine Crawler  
  27  3:14  Spine Crawler  
  26  3:21  Zergling x2  
  26  3:22  Drone x2  
  29  3:32  Zergling x2  
  29  3:33  Zergling x4  
  29  3:34  Drone  
  32  3:46  Zergling x8  
  36  3:53  Zergling x2  
  32  3:59  Zergling x4  
  31  4:05  Zergling x6  
  31  4:06  Zergling x2  
  32  4:15  Zergling x4  
  35  4:31  Zergling x10  
Show
View Real Time Build Order
Export as new Build Order

Vimes Terran - Winner!

Build Orders:  

Get SALT Encoding   

  12  0:01  SCV  
  13  0:13  Supply Depot  
  13  0:18  SCV  
  14  0:30  SCV  
  15  0:35  Barracks  
  15  0:42  SCV  
  16  0:47  Refinery  
  16  0:54  SCV  
  17  1:02  Supply Depot  
  17  1:06  SCV  
  18  1:18  SCV  
  19  1:28  Barracks  
  19  1:30  SCV  
  19  1:32  Refinery  
  20  1:33  Barracks Reactor  
  20  1:42  SCV  
  21  1:55  SCV  
  22  2:02  Supply Depot  
  22  2:03  Engineering Bay  
  23  2:09  Marine  
  23  2:10  Marine  
  23  2:15  Barracks Tech Lab  
  25  2:20  Orbital Command  
  24  2:28  Marine  
  24  2:29  Marine  
  26  2:43  Combat Shield  
  26  2:44  Marauder  
  26  2:49  Marine x2  
  30  3:00  Terran Infantry Weapons Level 1  
  30  3:06  Marauder  
  30  3:08  Marine x2  
  34  3:26  Marine x2  
  36  3:27  Marauder  
  36  3:28  Supply Depot  
  38  3:44  Marine x2  
  40  4:01  Concussive Shells  
Show
View Real Time Build Order
Export as new Build Order

Loki Zerg - Winner!

Build Orders: Hatch First 

Get SALT Encoding   

  12  0:01  Drone  
  13  0:08  Drone  
  14  0:17  Drone, Extractor  
  15  0:40  Hatchery  
  14  0:46  Extractor  
  14  0:47  Drone  
  14  1:01  Spawning Pool  
  13  1:05  Drone  
  14  1:15  Overlord  
  14  1:48  Metabolic Boost  
  14  1:50  Zergling x6  
  14  1:52  Queen  
  19  2:02  Zergling x4  
  19  2:05  Zergling x2  
  22  2:19  Zergling x4  
  24  2:28  Zergling x4  
  26  2:34  Overlord  
  26  2:38  Zergling x2  
  27  2:49  Zergling x2  
  28  2:56  Zergling x6  
  31  3:04  Zergling x6  
  33  3:15  Zergling x4  
  33  3:18  Zergling x2  
  36  3:22  Overlord  
  35  3:37  Overlord  
  35  3:40  Queen  
  37  3:42  Zergling x4  
  39  3:48  Zergling x2  
  39  3:55  Zergling x4  
  37  4:13  Zergling x10  
  41  4:21  Zergling x4  
  39  4:33  Zergling x8  
Tags
 
Add a new tag
Caveats
  • Supply blocks, unpowered buildings, or Contaminate may cause inaccurate times.
  • Supply counts are checked every 10 seconds.